 Dungeon Crawl Stone Soup version 0.22-b1-21-g5cfc1688f2 (webtiles) character file.

458 Kirk the Chopper (level 6, 11/44 HPs)
             Began as a Demonspawn Gladiator on Aug 5, 2018.
             Was an Initiate of Okawaru (penitent).
             Quit the game on level 5 of the Dungeon.
             The game lasted 00:08:29 (3965 turns).

Kirk the Chopper (Demonspawn Gladiator)             Turns: 3965, Time: 00:08:29

Health: 11/44      AC:  6    Str: 21    XL:     6   Next: 77%
Magic:  6/6        EV: 12    Int: 10    God:    Okawaru [*]
Gold:   53         SH:  0    Dex: 14    Spells: 5/5 levels left

rFire    + . .     SeeInvis +   a - +0 war axe
rCold    . . .     Gourm    .   (no shield)
rNeg     + . .     Faith    .   y - +0 ring mail
rPois    .         Spirit   .   c - +0 helmet
rElec    .         Reflect  .   (no cloak)
rCorr    .         Harm     .   (no gloves)
MR       .....                  (no boots)
Stlth    +.........             (no amulet)
HPRegen  0.14/turn              l - ring of positive energy
MPRegen  0.10/turn              b - ring of see invisible

@: mighty
A: demonic guardian 1, fire resistance 1
a: Renounce Religion


You were on level 5 of the Dungeon.
You worshipped Okawaru.
Okawaru was demanding penance.
You were not hungry.

You visited 1 branch of the dungeon, and saw 5 of its levels.

You collected 248 gold pieces.
You spent 195 gold pieces at shops.

Inventory:

Hand Weapons
 a - a +0 war axe (weapon)
 k - a cursed -1 mace
Missiles
 d - 3 throwing nets (quivered)
Armour
 c - a +0 helmet (worn)
 y - a +0 ring mail (worn)
Jewellery
 b - a ring of see invisible (right hand)
 l - a ring of positive energy (left hand)
 n - an uncursed ring of resist corrosion
Wands
 r - a wand of paralysis (8)
 t - a wand of acid (2)
Scrolls
 g - 3 scrolls of identify
 h - a scroll of random uselessness {unknown}
 j - 2 scrolls of fear
 o - a scroll of teleportation {unknown}
 p - a scroll of fog {unknown}
 s - a scroll of enchant armour {unknown}
 v - a scroll of immolation {unknown}
 w - a scroll of amnesia
Potions
 e - 3 potions of curing
 i - a potion of haste
 m - 4 potions of heal wounds
 u - 2 potions of flight
Comestibles
 f - 7 rations
 x - 2 chunks of flesh


   Skills:
 - Level 2.0 Fighting
 + Level 6.2 Axes
 - Level 1.7 Throwing
 + Level 2.8 Armour
 - Level 2.6 Dodging
 + Level 0.7 Evocations


You had 5 spell levels left.
You didn't know any spells.
Your spell library was empty.

Dungeon Overview and Level Annotations

Branches:
Dungeon (5/15)
 Temple: D:4-7

Altars:
Cheibriados
Dithmenos
Elyvilon
Gozag
Okawaru
Sif Muna
Trog
Yredelemnul

Shops:
D:4 =%


Innate Abilities, Weirdness & Mutations

A weak demonic guardian rushes to your aid.
Your flesh is heat resistant. (rF+)


Message History

You climb downwards.
There is a stone staircase leading up here.
Okawaru sends forces against you! 4 gnolls, a gnoll sergeant and a two-headed ogre come into view.
There are monsters nearby!
You feel very mighty all of a sudden.
The gnoll shouts! x4
You slash the gnoll!
You kill the gnoll!
That felt strangely unrewarding.
You slash the gnoll! You barely miss the two-headed ogre.
The gnoll hits you with a halberd.
The gnoll sergeant hits you from afar with a trident.
The two-headed ogre hits you with a giant spiked club!!
Ouch! That really hurt!
* * * LOW HITPOINT WARNING * * *
The two-headed ogre completely misses you.
You swap places.
Your shadow imp barely misses the gnoll.
The gnoll barely misses you.
Are you sure you want to abandon this character and quit the game? (Confirm with "yes".)

#. #.# #.#
#.# #.# #.#
#######.##
........<#
########@##
...gggO5g.#
###########


You could see a two-headed ogre, a gnoll sergeant, 3 gnolls and a friendly
shadow imp.

Vanquished Creatures
  An ogre (D:4)
  A bullfrog (D:4)
  A hound (D:3)
  A worker ant (D:4)
  Natasha (D:3)
  An orc wizard (D:4)
  8 gnolls
  6 adders
  An ooze (D:2)
  A worm (D:2)
  4 dart slugs
  2 leopard geckos
  2 orcs
  2 giant cockroaches (D:4)
  5 goblins
  10 hobgoblins
  4 jackals (D:3)
  6 quokkas
  8 bats
  3 frilled lizards
  A jackal skeleton (D:4)
  2 kobolds (D:1)
  A leopard gecko skeleton (D:4)
  7 rats
79 creatures vanquished.

Vanquished Creatures (collateral kills)
  An adder (D:4)
  An orc (D:4)
2 creatures vanquished.

Grand Total: 81 creatures vanquished

Notes
Turn   | Place    | Note
-------+----------+-------------------------------------------
     0 | D:1      | Kirk the Demonspawn Gladiator began the quest for the Orb.
     0 | D:1      | Reached XP level 1. HP: 16/16 MP: 1/1
   157 | D:1      | Reached skill level 3 in Axes
   247 | D:1      | Gained mutation: Your flesh is heat resistant. (rF+) [demonic ancestry]
   247 | D:1      | Reached XP level 2. HP: 19/22 MP: 2/2
   926 | D:2      | Reached XP level 3. HP: 27/27 MP: 3/3
  1014 | D:2      | Reached skill level 4 in Axes
  1147 | D:2      | Reached XP level 4. HP: 24/33 MP: 4/4
  1553 | D:3      | Noticed Natasha
  1558 | D:3      | Found a white marble altar of Elyvilon.
  1558 | D:3      | Found a snail-covered altar of Cheibriados.
  1562 | D:3      | Killed Natasha
  1562 | D:3      | Reached skill level 1 in Armour
  1572 | D:3      | Found a bloodstained altar of Trog.
  1572 | D:3      | Found a shadowy altar of Dithmenos.
  1573 | D:3      | Found an iron altar of Okawaru.
  1574 | D:3      | Found an opulent altar of Gozag.
  1574 | D:3      | Found a deep blue altar of Sif Muna.
  1575 | D:3      | Found a basalt altar of Yredelemnul.
  1577 | D:3      | Became a worshipper of Warmaster Okawaru
  2303 | D:2      | Reached XP level 5. HP: 4/38 MP: 5/5
  2603 | D:3      | Reached skill level 5 in Axes
  2712 | D:4      | Found Zeosas's Food Shop.
  2729 | D:4      | Noticed an ogre
  2967 | D:4      | Found Ejuzotach's Jewellery Emporium.
  3004 | D:4      | Gained mutation: A weak demonic guardian rushes to your aid. [demonic ancestry]
  3004 | D:4      | Reached XP level 6. HP: 23/44 MP: 6/6
  3530 | D:4      | Reached * piety under Okawaru
  3530 | D:4      | Reached skill level 6 in Axes
  3765 | D:4      | Was placed under penance by Okawaru
  3859 | D:4      | Bought an uncursed ring of see invisible for 195 gold pieces
  3959 | D:5      | Entered Level 5 of the Dungeon
  3962 | D:5      | Noticed a two-headed ogre
  3965 | D:5      | Quit the game

Skill      XL: |  1  2  3  4  5  6 |
---------------+-------------------+-----
Axes           | 3 4 5 6 |  6.2
Armour         | 1 2 |  2.8
Fighting       | |  2.0
Throwing       | |  1.7
Dodging        | |  2.6
Evocations     | |  0.7

Action                   |  1- 3 |  4- 6 || total
-------------------------+-------+-------++-------
Melee: War axe           |    89 |   167 ||   256
Evoke: Wand              |       |    10 ||    10
  Use: Scroll            |       |    10 ||    10
       Potion            |       |     3 ||     3
 Stab: Distracted        |     1 |       ||     1
       Sleeping          |       |     2 ||     2
       Paralysed         |       |     5 ||     5
  Eat: Chunk             |     1 |     9 ||    10
Armor: Leather armour    |    23 |    47 ||    70
Dodge: Dodged            |    90 |   136 ||   226
